Map: New Repugnancy LE

Players

Serenity

  • Race: Protoss Protoss
  • League: Grandmaster
  • Spawn Location: 7:00

Gemini - Winner!

  • Race: Protoss Protoss
  • League: Master
  • Spawn Location: 1:00

VOD

Have the link to the VOD?

Description

Time

  • Played on: March 23, 2019, 2:27 p.m.
  • Length: 5:42
Show
View Real Time Build Order
Export as new Build Order

Serenity Protoss 

Build Orders: Phoenix Opening 

Get SALT Encoding   

  12  0:00  Probe  
  13  0:13  Probe  
  14  0:18  Pylon  
  14  0:24  Probe  
  15  0:32  Probe  
  15  0:41  Probe  
  15  0:42  Gateway  
  16  0:47  Assimilator  
  17  0:52  Assimilator  
  17  0:53  Probe  
  18  1:02  Probe  
  18  1:10  Probe  
  20  1:18  Pylon  
  20  1:21  Probe  
  21  1:33  Probe, Cybernetics Core  
  22  1:42  Pylon  
  22  1:45  Probe  
  23  1:57  Probe  
  24  2:01  Stalker  
  24  2:09  Probe  
  24  2:13  Stargate  
  27  2:16  Warp Gate  
  27  2:21  Probe  
  28  2:31  Stalker  
  29  2:50  Probe  
  30  2:53  Gateway  
  30  3:00  Pylon  
  30  3:04  Probe  
  31  3:05  Phoenix  
  31  3:17  Probe  
  34  3:21  Pylon  
  34  3:29  Probe  
  34  3:30  Phoenix  
  34  3:31  Stalker  
  39  3:48  Pylon  
  38  3:50  Probe  
  39  3:58  Pylon  
  39  4:01  Robotics Facility  
  39  4:15  Pylon  
  39  4:16  Phoenix  
  41  4:17  Pylon  
  41  4:19  Sentry  
  41  4:20  Probe  
  44  4:25  Gateway  
  44  4:27  Stalker  
  46  4:37  Pylon  
  46  4:41  Phoenix  
  46  4:42  Sentry  
  48  4:54  Zealot  
  48  4:57  Cybernetics Core, Gateway  
  50  5:02  Phoenix  
  38  5:16  Zealot  
  38  5:17  Zealot  
  41  5:24  Zealot  
  33  5:37  Stalker  
Show
View Real Time Build Order
Export as new Build Order

Gemini Protoss - Winner!

Build Orders:  

Get SALT Encoding   

  12  0:00  Probe  
  13  0:13  Probe  
  14  0:19  Pylon  
  14  0:25  Probe  
  15  0:33  Probe  
  15  0:40  Gateway  
  15  0:42  Probe  
  16  0:48  Assimilator  
  17  0:52  Probe  
  17  0:56  Assimilator  
  18  1:01  Probe  
  19  1:11  Gateway  
  19  1:12  Probe  
  20  1:24  Probe  
  21  1:27  Cybernetics Core  
  21  1:36  Probe  
  21  1:39  Pylon  
  22  1:48  Probe  
  23  2:02  Probe  
  23  2:03  Adept x2  
  23  2:04  Warp Gate  
  28  2:21  Pylon  
  28  2:33  Stalker  
  30  2:38  Stalker  
  30  2:39  Robotics Facility  
  32  2:48  Gateway  
  32  3:04  Sentry  
  34  3:09  Sentry  
  36  3:13  Pylon  
  36  3:17  Immortal  
  38  3:47  Warp Prism  
  38  3:52  Sentry, Stalker x2  
  44  4:02  Pylon  
  44  4:18  Shield Battery  
  44  4:19  Stalker  
  44  4:21  Adept  
  48  4:24  Stalker  
  50  4:41  Observer  
  51  4:53  Stalker x2  
  51  4:59  Pylon  
  55  5:04  Warp Prism  
  55  5:24  Stalker x3  
Tags
 
Add a new tag
Caveats
  • Supply blocks, unpowered buildings, or Contaminate may cause inaccurate times.
  • Supply counts are checked every 10 seconds.